 Dungeon Crawl Stone Soup version 0.21.0 (webtiles) character file.

12744 BarneyGumball the Severer (level 11, -11/89 HPs)
             Began as a Minotaur Berserker on Jan 25, 2018.
             Was a High Priest of Trog.
             Mangled by a spiny frog (13 damage)
             ... on level 1 of the Lair of Beasts.
             The game lasted 00:30:40 (10283 turns).

BarneyGumball the Severer (Minotaur Berserker)     Turns: 10283, Time: 00:30:40

Health: -11/89     AC: 14    Str: 25    XL:     11   Next: 66%
Magic:  8/8        EV:  9    Int:  4    God:    Trog [*****.]
Gold:   631        SH:  4    Dex: 10    Spells: 10/10 levels left

rFire    + . .     SeeInvis .   I - +0 war axe
rCold    + . .     Gourm    .   (no shield)
rNeg     + . .     Faith    .   p - +2 chain mail {rPois}
rPois    +         Spirit   .   (helmet unavailable)
rElec    .         Reflect  +   w - scarf {rC+ rF+}
rCorr    .         Harm     .   (no gloves)
MR       ++...                  (no boots)
Stlth    ..........             r - +4 amulet of reflection
HPRegen  1.24/turn              q - ring of positive energy
MPRegen  0.11/turn              (no ring)

@: lethally poisoned (-11 -> -11), regenerating
A: retaliatory headbutt, horns 3, frail 1, low mp 1
a: Berserk, Trog's Hand, Brothers in Arms, Burn Spellbooks, Renounce Religion


You were on level 1 of the Lair of Beasts.
You worshipped Trog.
Trog was extremely pleased with you.
You were very hungry.

You visited 2 branches of the dungeon, and saw 12 of its levels.

You collected 631 gold pieces.

Inventory:

Hand Weapons
 l - a +2 hand axe of electrocution
 I - a +0 war axe (weapon)
Armour
 b - a +0 animal skin
 p - a +2 chain mail of poison resistance (worn)
 w - a scarf of resistance (worn)
Jewellery
 j - an uncursed ring of ice {unknown}
 n - an uncursed ring of resist corrosion {unknown}
 q - a ring of positive energy (left hand)
 r - a +4 amulet of reflection (around neck)
Wands
 o - a wand of polymorph (12)
 t - a wand of random effects (36)
 x - a wand of acid (11)
 y - a wand of digging (19)
 z - a wand of flame (1)
 F - a wand of paralysis (31)
 G - a wand of iceblast (19)
Scrolls
 a - 11 scrolls of remove curse {unknown}
 e - 8 scrolls of teleportation {unknown}
 f - 2 scrolls of amnesia {unknown}
 h - 5 scrolls of identify
 i - 2 scrolls of fog {unknown}
 m - a scroll of random uselessness {unknown}
 s - a scroll of enchant armour {unknown}
 v - 2 scrolls of magic mapping {unknown}
 E - 4 scrolls of fear {unknown}
 J - a scroll of enchant weapon {unknown}
 L - a scroll of summoning {unknown}
Potions
 d - 3 potions of agility
 g - a potion of magic
 k - a potion of cancellation
 A - 2 potions of brilliance
 B - a potion of degeneration {unknown}
 C - a potion of resistance {unknown}
 D - 5 potions of curing {unknown}
 H - 2 potions of lignification {unknown}
 M - a potion of invisibility {unknown}
Comestibles
 c - 28 rations
 u - 3 chunks of flesh


   Skills:
 * Level 9.7 Fighting
 + Level 16.1 Axes
 + Level 12.0 Armour
 - Level 2.1 Dodging


You had 10 spell levels left.
You didn't know any spells.

Dungeon Overview and Level Annotations

Branches:
Dungeon (11/15)            Temple (0/1) D:5            Lair (1/6) D:11
    Orc: D:9-12

Altars:
Cheibriados
Dithmenos
Hepliaklqana
Makhleb
Qazlal
Sif Muna
Trog
Uskayaw
Vehumet
Wu Jian
Xom
Zin
The Shining One

Shops:
D:8 }

Annotations:
D:4 Eustachio
Lair:1 exclusion: oklob plant


Innate Abilities, Weirdness & Mutations

You reflexively headbutt those who attack you in melee.
You have a pair of large horns on your head.
You are frail. (-10% HP)
Your magical capacity is low. (-10% MP)


Message History

You feel the effects of Trog's Hand fading.
You feel very sick.
You feel sick.
You feel sick.
You feel sick.
You feel sick.
Your skin stops crawling.
You feel less resistant to hostile enchantments.
* * * LOW HITPOINT WARNING * * *
You feel sick. You block the spiny frog's attack.
* * * LOW HITPOINT WARNING * * *
You feel sick.
Your skin crawls.
You feel resistant to hostile enchantments.
You are feeling very hungry.
You feel sick. The spiny frog barely misses you.
You feel sick.
You feel sick. The spiny frog closely misses you.
You feel magically purged.
You feel sick. The spiny frog stings you!
You die...

#.#..### #..# #......#### #..#
#.........#.##########..######
......###....##................
...#.....#.#..##...............
##.........(...#.....######..##
...⌠...⌠...#..#.#...# ####
.....>..........#...# #
.⌠...⌠.....@###...[# #.
........##F.# #...## ...
#...##.#.t## #...#
#....#.###....## #....
##...........##.####....#
...#.#.....##..........#
.....#.#+.##............
........................
......##.#######........


You could see a spiny frog and a crocodile.

Vanquished Creatures
  Harold (D:11)
  A two-headed ogre (D:7)
  The ghost of Robby the Fighter, a novice MiFi of Okawaru (D:10)
  Pikel (D:8)
  Maurice (D:8)
  Joseph (D:7)
  A spiny frog (Lair:1)
  Grinder (D:3)
  A hippogriff (D:9)
  A wraith (D:11)
  A spriggan (D:9)
  12 yaks
  Grum (D:8)
  A hungry ghost (D:7)
  Edmund (D:6)
  2 wargs (D:11)
  3 water moccasins
  A porcupine (Lair:1)
  2 sky beasts
  A black bear (D:7)
  2 slaves (D:8)
  6 ogres
  5 orc warriors
  3 phantoms
  An ice beast (D:11)
  4 wolves
  14 centaurs
  2 crocodiles
  2 wyvern zombies (D:9)
  3 bullfrogs
  A wyvern skeleton (D:11)
  5 scorpions
  4 killer bees
  4 howler monkeys
  4 wights
  5 crimson imps
  A bullfrog zombie (D:5)
  6 hounds
  A quasit (D:11)
  A jelly (D:11)
  6 orc priests
  A centaur skeleton (D:5)
  Natasha (thrice) (D:3)
  2 bullfrog skeletons
  7 iguanas
  Terence (D:3)
  7 orc wizards
  6 worker ants
  A hound skeleton (D:9)
  7 gnolls
  8 adders
  2 shadow imps
  2 oozes
  5 worms
  6 leopard geckos
  27 orcs
  8 giant cockroaches
  11 goblins
  2 hobgoblins
  5 jackals
  3 quokkas
  3 bats
  3 frilled lizards
  8 kobolds
  A quokka zombie (D:4)
  7 rats
251 creatures vanquished.

Vanquished Creatures (others)
  A centaur (D:11)
  A giant cockroach zombie (D:6)
2 creatures vanquished.

Grand Total: 253 creatures vanquished

Notes
Turn   | Place    | Note
-------+----------+-------------------------------------------
     0 | D:1      | BarneyGumball the Minotaur Berserker began the quest for the Orb.
     0 | D:1      | Reached XP level 1. HP: 19/19 MP: 0/0
   260 | D:1      | Reached skill level 4 in Axes
   449 | D:1      | Reached XP level 2. HP: 20/26 MP: 1/1
  1158 | D:2      | Reached skill level 5 in Axes
  1182 | D:2      | Reached XP level 3. HP: 19/31 MP: 2/2
  1716 | D:2      | Reached ** piety under Trog
  1720 | D:2      | Reached skill level 6 in Axes
  1720 | D:2      | Reached XP level 4. HP: 39/39 MP: 3/3
  1965 | D:3      | Noticed Grinder
  2031 | D:3      | Paralysed by Grinder for 7 turns
  2083 | D:3      | Noticed Natasha
  2089 | D:3      | Killed Natasha
  2155 | D:3      | Noticed Terence
  2211 | D:3      | Killed Terence
  2345 | D:3      | Noticed Natasha
  2349 | D:3      | Killed Natasha
  2349 | D:3      | Reached skill level 7 in Axes
  2349 | D:3      | Reached XP level 5. HP: 43/45 MP: 4/4
  2367 | D:3      | Found a deep blue altar of Sif Muna.
  2371 | D:3      | Noticed Natasha
  2375 | D:3      | Killed Natasha
  2390 | D:3      | Killed Grinder
  2390 | D:3      | Reached skill level 8 in Axes
  2390 | D:3      | Reached XP level 6. HP: 43/51 MP: 5/5
  2836 | D:4      | Reached XP level 7. HP: 57/57 MP: 6/6
  2840 | D:4      | Reached skill level 9 in Axes
  2992 | D:4      | Noticed Eustachio
  3093 | D:4      | Reached skill level 5 in Armour
  3106 | D:4      | Found a bloodstained altar of Trog.
  3372 | D:5      | Entered Level 5 of the Dungeon
  3381 | D:5      | Reached skill level 10 in Axes
  3514 | D:5      | Reached XP level 8. HP: 64/64 MP: 7/7
  3555 | D:5      | Gained mutation: You are partially covered in large bone plates. (SH +4) [potion of mutation]
  3555 | D:5      | Gained mutation: You possess an exceptional clarity of mind. [potion of mutation]
  3558 | D:5      | Lost mutation: You are partially covered in large bone plates. (SH +4) [potion of mutation]
  3558 | D:5      | Lost mutation: You possess an exceptional clarity of mind. [potion of mutation]
  3558 | D:5      | Gained mutation: Your magical capacity is low. (-10% MP) [potion of mutation]
  3558 | D:5      | Gained mutation: You are frail. (-10% HP) [potion of mutation]
  3558 | D:5      | Gained mutation: You have a pair of large horns on your head. [potion of mutation]
  3616 | D:5      | Reached *** piety under Trog
  3879 | D:5      | Found a staircase to the Ecumenical Temple.
  3909 | D:5      | Found a radiant altar of Vehumet.
  3909 | D:5      | Found a burning altar of Makhleb.
  3962 | D:6      | Reached skill level 11 in Axes
  3988 | D:6      | Found a glowing golden altar of the Shining One.
  3988 | D:6      | Found a shimmering altar of Xom.
  3988 | D:6      | Found an ornate altar of the Wu Jian Council.
  4554 | D:6      | Found a stormy altar of Qazlal.
  4656 | D:6      | Noticed Edmund
  4662 | D:6      | Reached skill level 12 in Axes
  4669 | D:6      | Killed Edmund
  4669 | D:6      | Reached XP level 9. HP: 44/63 MP: 7/7
  5407 | D:7      | Reached **** piety under Trog
  5516 | D:7      | Noticed Joseph
  5553 | D:7      | Killed Joseph
  5553 | D:7      | Reached skill level 13 in Axes
  5741 | D:7      | Found a snail-covered altar of Cheibriados.
  5795 | D:7      | Noticed a two-headed ogre
  5832 | D:7      | Killed a two-headed ogre
  5832 | D:7      | Reached skill level 14 in Axes
  5832 | D:7      | Reached XP level 10. HP: 39/69 MP: 8/8
  6231 | D:8      | Found a hazy altar of Hepliaklqana.
  6372 | D:8      | Noticed Maurice
  6386 | D:8      | Killed Maurice
  6386 | D:8      | Reached skill level 10 in Armour
  6400 | D:8      | Found a glowing silver altar of Zin.
  6400 | D:8      | Noticed an angel
  6447 | D:8      | Noticed Grum
  6448 | D:8      | Noticed Pikel
  6471 | D:8      | Killed Pikel
  6479 | D:8      | Reached skill level 15 in Axes
  6481 | D:8      | Killed Grum
  6929 | D:8      | Found Covupsuo's Gadget Shoppe.
  7404 | D:9      | Reached skill level 5 in Fighting
  7625 | D:9      | Found a hide-covered altar of Uskayaw.
  8006 | D:10     | Entered Level 10 of the Dungeon
  8054 | D:9      | Reached XP level 11. HP: 72/81 MP: 8/8
  8250 | D:10     | Found a shadowy altar of Dithmenos.
  8394 | D:10     | Reached ***** piety under Trog
  8484 | D:10     | Noticed Robby's ghost (novice MiFi)
  8533 | D:10     | Killed Robby's ghost
  9401 | D:11     | Noticed Harold
  9430 | D:11     | Killed Harold
  9586 | D:11     | Found a staircase to the Lair.
  9604 | D:11     | Reached skill level 16 in Axes
 10091 | Lair:1   | Entered Level 1 of the Lair of Beasts
 10109 | Lair:1   | Noticed an oklob plant
 10247 | Lair:1   | Received a gift from Trog
 10278 | Lair:1   | HP: 4/89 [poisoned by a spiny frog]
 10283 | Lair:1   | HP: 2/89 [poisoned by a spiny frog]
 10283 | Lair:1   | Mangled by a spiny frog

Skill      XL: |  1  2  3  4  5  6  7  8  9 10 11 |
---------------+----------------------------------+-----
Axes           | 4 5 6 7 8 10 12 14 15 16 | 16.1
Armour         | 3 4 5 7 9 11 12 | 12.0
Fighting       | 6 9 |  9.7
Dodging        | |  2.1

Action                   |  1- 3 |  4- 6 |  7- 9 | 10-12 || total
-------------------------+-------+-------+-------+-------++-------
Melee: Hand axe          |    84 |    58 |   232 |    94 ||   468
       Headbutt          |     9 |     9 |    36 |    85 ||   139
       War axe           |       |       |       |   317 ||   317
Invok: Trog's Hand       |       |       |       |     4 ||     4
       Berserk           |       |       |       |     3 ||     3
       Burn Spellbooks   |       |       |       |     1 ||     1
  Use: Scroll            |     1 |     1 |     6 |     3 ||    11
       Potion            |       |       |     6 |     1 ||     7
  Eat: Chunk             |     4 |     3 |    23 |    10 ||    40
Armor: Animal skin       |    11 |     2 |       |       ||    13
       Chain mail        |       |    21 |    79 |   202 ||   302
Dodge: Dodged            |    54 |    19 |    76 |   128 ||   277
Block: Other             |       |       |       |    52 ||    52
       Reflection        |       |       |       |     5 ||     5
